 Dungeon Crawl Stone Soup version 0.32-a0-20-ge526923d97 (webtiles) character file.

Game seed: 13073920113328698999

78 jasper the Chopper (level 4, -1/41 HPs)
             Began as a Hill Orc Cinder Acolyte on Jan 17, 2024.
             Was a High Priest of Ignis.
             Slain by an orc
             ... wielding a +0 dagger
              (2 damage)
             ... on level 3 of the Dungeon.
             The game lasted 00:03:43 (1976 turns).

jasper the Chopper (Hill Orc Cinder Acolyte)        Turns: 1976, Time: 00:03:43

Health: -1/41      AC: 20    Str: 18    XL:     4   Next: 36%
Magic:  5/5        EV:  3    Int: 14    God:    Ignis [*****.]
Gold:   123        SH:  6    Dex:  6    Spells: 5/5 levels left

rFire   + . .        a - -1 hand axe (flame)
rCold   . . .        h - +0 kite shield
rNeg    + . .        t - +0 plate armour
rPois   .            (no helmet)
rElec   .            g - +0 cloak
rCorr   .            o - +0 pair of gloves
SInv    .            f - +0 pair of boots
Will    .....        (no amulet) Stlth
                     c - ring of positive energy
HPRegen 0.26/turn    (no ring)
MPRegen 0.09/turn

%: no passive effects
@: fiery-armoured
A: no striking features
a: Renounce Religion, Convert to Beogh, Fiery Armour, Foxfire Swarm, Rising
Flame


You were on level 3 of the Dungeon.
You worshipped Ignis.
Ignis was extremely pleased with you.
You visited 1 branch of the dungeon, and saw 3 of its levels.

You collected 123 gold pieces.

Inventory:

Hand Weapons
 a - a -1 hand axe of flaming (weapon)
 p - a +0 hand axe
Missiles
 d - 22 stones (quivered)
 q - 3 javelins
Armour
 b - a +0 robe
 f - a +0 pair of boots (worn)
 g - a +0 cloak (worn)
 h - a +0 kite shield (worn)
 m - a +0 ring mail
 o - a +0 pair of gloves (worn)
 t - a +0 plate armour (worn)
Jewellery
 c - a ring of positive energy (left hand)
 i - a +6 ring of intelligence
Scrolls
 l - a scroll of revelation {unknown}
 n - a scroll of brand weapon {unknown}
 r - a scroll of teleportation {unknown}
 s - a scroll of immolation {unknown}
 u - a scroll of identify {unknown}
Potions
 e - 2 potions of curing {unknown}
 j - a potion of invisibility {unknown}
 k - 2 potions of heal wounds {unknown}


   Skills:
 + Level 4.4 Fighting
 * Level 5.6 Axes
 + Level 0.6 Armour
 + Level 1.1 Shields
 - Level 1.0 Spellcasting
 - Level 3.2 Fire Magic


You had 5 spell levels left.
You didn't know any spells.
Your spell library contained the following spells:

 Spells                   Type           Power      Damage    Failure   Level
 Scorch                   Fire           18%        2d5       100%        2


Dungeon Overview and Level Annotations

Branches:
Dungeon (3/15)

Altars:

Shops:
D:1 (


Message History

The kobold is burned by your cloak of flames.
You kill the kobold!
You take 4 damage, and have 25/41 hp.
Found a stone staircase leading up.
A goblin comes into view. It is wielding a +0 quarterstaff.
The orc unwields a +0 sling.
The orc wields a +0 dagger.
The orc barely misses you.
The orc priest miscasts a cantrip.
Things that are here:
a +0 club; 4 stones; a +0 ring mail The orc priest threatens, "By the altar or by the axe, you will meet Beogh!"
You hit the orc. You burn the orc.
The orc is moderately wounded.
You block the orc's attack.
The orc priest casts a cantrip, but nothing happens.
You hit the orc but do no damage.
The orc is moderately wounded.
The orc hits you but does no damage. x2
You hit the orc. You burn the orc.
The orc is heavily wounded.
The orc hits you with a +0 dagger.
You completely miss the orc.
The orc is heavily wounded.
The orc priest calls down the wrath of Beogh upon you.
Beogh smites you! The orc hits you but does no damage.
You take 13 damage, and have 13/41 hp.
MASSIVE DAMAGE!!
You hit the orc. You burn the orc.
The orc is almost dead.
The orc completely misses you.
The orc priest shouts, "Join the one true god or die!"
You hit the orc but do no damage.
The orc is almost dead.
The orc barely misses you.
You barely miss the orc.
The orc is almost dead.
The orc priest mumbles some strange prayers to Beogh against you.
Beogh smites you!
* * * LOW HITPOINT WARNING * * *
The orc hits you with a +0 dagger.
You die...

##......# #..###.##
####.##...# #.......###
.....##.####
########..##########
....................
###########.############
<..oooo@....#
....go####### ....S ....
... .. . .


You could see 3 orc priests, 2 orcs, a goblin and a ball python.

Vanquished Creatures
  An adder (D:2)
  A dart slug (D:1)
  2 ribbon worms (D:2)
  8 endoplasms
  4 giant cockroaches
  4 goblins
  7 hobgoblins
  2 jackals (D:1)
  7 kobolds
  3 quokkas
  2 ball pythons
  4 bats
  6 frilled lizards
  8 rats
59 creatures vanquished.

Notes
Turn   | Place    | Note
-------+----------+-------------------------------------------
     0 | D:1      | jasper the Hill Orc Cinder Acolyte began the quest for the
                  | Orb.
     0 | D:1      | Reached XP level 1. HP: 19/19 MP: 2/2
    97 | D:1      | Found Daiplot's Weapon Shoppe.
   154 | D:1      | Reached XP level 2. HP: 27/27 MP: 3/3
   474 | D:1      | Reached skill level 5 in Axes
   736 | D:1      | Reached XP level 3. HP: 33/33 MP: 4/4
  1004 | D:2      | Found a faded altar of an unknown god.
  1346 | D:2      | Reached XP level 4. HP: 41/41 MP: 5/5
  1392 | D:2      | Reached skill level 1 in Shields
  1976 | D:3      | HP: 1/41 [orc priest/divine providence (13)]
  1976 | D:3      | Slain by an orc

Illustrated notes

Levels and vault maps discovered:
D:1:      beargit_arrival_greenhouse, layout_loops_ring, serial_shops, shop
D:2:      layout_basic, nicolae_ecumenical_lake_church
D:3:      layout_rooms, nicolae_twisty_statue_hallways

Skill      XL: |  1  2  3  4 |
---------------+-------------+-----
Fighting       | 4 |  4.4
Axes           | 5 |  5.6
Shields        | 1 |  1.1
Armour         | |  0.6
Spellcasting   | |  1.0
Fire Magic     | |  3.2

Action                     |  1- 3 |  4- 6 || total
---------------------------+-------+-------++-------
  Melee: Hand axe          |   142 |    69 ||   211
         Punch             |     2 |       ||     2
 Invoke: Fiery Armour      |       |     1 ||     1
 Armour: Robe              |    61 |       ||    61
         Ring mail         |    27 |    23 ||    50
         Plate armour      |       |    28 ||    28
  Dodge: Dodged            |    67 |     9 ||    76
  Block: Kite shield       |    15 |    24 ||    39

Table legend: (Time is in decaauts)
 A = Elapsed time spent in this place.
 B = Non-inter-level travel time spent in this place.
 C = Inter-level travel time spent in this place.
 D = Time resting spent in this place.
 E = Time spent auto-exploring this place.
 F = Levels seen in this place.
 G = Mean time per level.
                   A        B        C        D        E       F      G
               +--------+--------+--------+--------+--------+-----+--------+
         Total |   2013 |   1895 |    118 |      0 |   1325 |   3 |  671.0 |
       Dungeon |   2013 |   1895 |    118 |      0 |   1325 |   3 |  671.0 |
               +--------+--------+--------+--------+--------+-----+--------+

Top non-repeatable levels by time:
     D:2: 855 daAuts
     D:1: 827 daAuts
     D:3: 330 daAuts
